Workbook

Sheet Summary
A1: Table 1.1 - Summary of Rate Year 2020 NM Impact
A5: Net Metering Output in MWh | C5: MWh
A6: Own Use | C6: ='Total Solar Impact'!B24 -> 54260.954
A7: Excess Generation | C7: ='Total Solar Impact'!B19 -> 209254.37
A8: Total Output | C8: ='Total Solar Impact'!B13 -> 263515.32
C10: Rate Year 2020
C11: $ 000s | D11: Average $/MWh | E11: Average cents/kWh
A12: Costs $000s
A13: Sales Offset by Own Use | C13: ='Total Solar Impact'!I13 -> 9232478.7 | D13: =C13/C6 -> 170.14958 | E13: =D13/10 -> 17.014958
A14: Excess Generation | C14: ='Total Solar Impact'!M13 -> 33768922 | D14: =C14/C7 -> 161.37738 | E14: =D14/10 -> 16.137738
A15: Adders/Adjustors (includes RECs) | C15: ='Total Solar Impact'!G13+'Total Solar Impact'!K13 -> 10188566 | D15: =C15/C8 -> 38.664036 | E15: =D15/10 -> 3.8664036
A16: Total Cost | C16: =SUM(C13:C15) -> 53189967 | D16: =C16/C8 -> 201.84772 | E16: =D16/10 -> 20.184772
A18: Power Supply Benefits $000s
A19: Avoided Power Cost | C19: ='Total Solar Impact'!S13 -> -11332733 | D19: =C19/C8 -> -43.005974 | E19: =D19/10 -> -4.3005974
A20: Transferred RECs | C20: ='Total Solar Impact'!Q13 -> -1524412.5 | D20: =C20/C8 -> -5.7849103 | E20: =D20/10 -> -0.57849103
A21: Avoided Capacity/RNS | C21: ='Total Solar Impact'!U13 -> -7057304.5 | D21: =C21/C8 -> -26.781382 | E21: =D21/10 -> -2.6781382
A22: Total Power Supply Benefits | C22: =SUM(C19:C21) -> -19914450 | D22: =C22/C8 -> -75.572266 | E22: =D22/10 -> -7.5572266
A24: Net Cost/(Benefit) $000s | C24: =C16+C22 -> 33275516 | D24: =C24/C8 -> 126.27545 | E24: =D24/10 -> 12.627545
C28: ='Peak Shaving'!B31 -> -6503221.3 | D28: =C28/C$8 -> -24.678722 | E28: =D28/10 -> -2.4678722
C29: =C21-C28 -> -554083.2 | D29: =C29/C$8 -> -2.1026603 | E29: =D29/10 -> -0.21026603

Sheet Total Solar Impact
A2: Approximate Impact of Solar Net Metering on GMP's Cost of Service
G7: Total Solar Costs: | Q7: Total Solar Benefits: | Y7: Net Cost:
S9: Avoided Power | U9: Lagged FCM and
A10: Generation volumes from rate case model: | I10: Sales Offset | O10: Total | S10: Purchases | U10: RNS Reductions | W10: Total | Y10: Net
A11: Total MWh Generation | C11: NM1.0 | D11: NM2.0 | E11: NM2.1 | G11: Adders (A) | I11: by Own Use (B) | K11: NM 2.0 & 2.1(C): | M11: Excess (D): | O11: Costs | Q11: NM 2.0 REC (E) | S11: ($42 / MWh)(F) | U11: ($23 / MWh)(G) | W11: Benefits | Y11: Cost
A12: FY19 | B12: =+'Rate Case data'!I161 -> 219353.81 | C12: =+B12-D12-E12 -> 175040.85 | D12: =+'Rate Case data'!$I$158 -> 38194.303 | E12: =+'Rate Case data'!$I$159 -> 6118.6522 | F12: =SUM(C12:E12) -> 219353.81
A13: FY20 | B13: =+'Rate Case data'!L161 -> 263515.32 | C13: =+B13-D13-E13 -> 179698.66 | D13: =+'Rate Case data'!$L$158 -> 61111.108 | E13: =+'Rate Case data'!$L$159 -> 22705.559 | F13: =SUM(C13:E13) -> 263515.32 | G13: =+'Rate Case data'!O148 -> 5861731 | I13: ='Own Use Summary'!G20 -> 9232478.7 | K13: 4326835 | M13: ='Rate Case data'!L148-G13 -> 33768922 | O13: =G13+I13+K13+M13 -> 53189967 | Q13: =-81302*25*0.75 -> -1524412.5 | S13: ='Energy Avoided Cost'!D28 -> -11332733 | U13: =+'Peak Shaving'!B32 -> -7057304.5 | W13: =Q13+S13+U13 -> -19914450 | Y13: =O13+W13 -> 33275516
A14: FY20 vs FY19 | B14: =+B13/B12 -> 1.2013255 | C14: =+C13/C12 -> 1.0266098 | D14: =+D13/D12 -> 1.6000058 | E14: =+E13/E12 -> 3.7108759 | F14: $/MWh | G14: =+G13/$B$13 -> 22.244365 | I14: =+I13/$B$13 -> 35.035832 | K14: =+K13/$B$13 -> 16.419671 | M14: =+M13+G13 -> 39630653 | O14: =+O13/$B$13 -> 201.84772 | Q14: =+Q13/$B$13 -> -5.7849103 | S14: =+S13/$B$13 -> -43.005974 | U14: =+U13/$B$13 -> -26.781382 | W14: =+W13/$B$13 -> -75.572266 | Y14: =+Y13/$B$13 -> 126.27545
M15: =+M14/B19 -> 189.38985
A17: Excess MWh Gen | C17: NM1.0 | D17: NM2.0 | E17: NM2.1
A18: FY19 | B18: =+'Rate Case data'!I155 -> 174555.93 | C18: =+B18-D18-E18 -> 139359.97 | D18: =+'Rate Case data'!$I$152 -> 30468.085 | E18: =+'Rate Case data'!$I$153 -> 4727.8752 | F18: =+C18+D18+E18 -> 174555.93
A19: FY20 | B19: =+'Rate Case data'!L155 -> 209254.37 | C19: =+B19-D19-E19 -> 142621.91 | D19: =+'Rate Case data'!$L$152 -> 48546.212 | E19: =+'Rate Case data'!$L$153 -> 18086.246 | F19: =+C19+D19+E19 -> 209254.37
A20: FY20 vs FY19 | B20: =+B19/B18 -> 1.1987812 | C20: =+C19/C18 -> 1.0234066 | D20: =+D19/D18 -> 1.5933463 | E20: =+E19/E18 -> 3.825449
A22: Used MWh Gen(H) | C22: NM1.0 | D22: NM2.0 | E22: NM2.1
A23: FY19 | B23: =+B12-B18 -> 44797.882 | C23: =+C12-C18 -> 35680.887 | D23: =+D12-D18 -> 7726.2182 | E23: =+E12-E18 -> 1390.777 | F23: =+C23+D23+E23 -> 44797.882
A24: FY20 | B24: =+B13-B19 -> 54260.954 | C24: =+C13-C19 -> 37076.744 | D24: =+D13-D19 -> 12564.896 | E24: =+E13-E19 -> 4619.3136 | F24: =+C24+D24+E24 -> 54260.954
A25: FY20 vs FY19 | B25: =+B24/B23 -> 1.2112393 | C25: =+C24/C23 -> 1.0391206 | D25: =+D24/D23 -> 1.6262673 | E25: =+E24/E23 -> 3.3213906
A28: (A) See cell K27 on Rate Case Tab.
A29: (B) Calculated on Own Use Summary Tab in cell G20.
A30: (C) Based on Rate Case estimate of 81,302 RECs purchased for approximately $53.22/MWh.
A31: (D) See cell K28 on Rate Case Tab.
A32: (E) Assumes 75% of RECs delivered at $25/MWh avoided cost based on total Tier II volume of 81,302 reflecting lag factor associated with settling RECs
A33: (F) See Energy Avoided Cost Tab
A34: (G) See Peak Shaving Tab
A35: (H) Based on billing cycles so there is a small timing difference between this and the calendar month data used in the Revenue Impact tab - pass/immaterial
A39: This file, first developed for the Interim Regulation Plan, was originally named Attachment B GMP.DPS1.Q4.
A40: The file has been updated to reflect FY20 projected values.
A41: Old (last year) notes | R41: RECs | T41: Energy | V41: FCM/RNS
A42: Notes: | R42: 48675 | S42: MWh | T42: =+B13 -> 263515.32 | U42: MWh | V42: =+T42 -> 263515.32 | W42: MWh | X42: 225 | Y42: MW
R43: 30 | T43: 40 | V43: 45 | X43: 0.5 | Y43: Potential incl peak migration
A44: (1) Adder = total projected NM 1.0 generation * average adder of 4.9 cents/kWh, plus total NM 2.0 generation * avg -3.0 cents REC reduction plus location (site) adjustment(s) | T44: -0.1 | V44: 0 | X44: 0.6 | Y44: Coincidence
A45: (2) NM 2.0 = RES Tier II expense for 2018 NM 2.0 generation @ $60/MWh (difference in price paid for all NM 2.0 generation w/ vs w/o transferred RECs) | X45: 10 | Y45: $/kW-month
A46: (3) Lost Revenue = projected reduced retail sales, at retail energy rates (mostly residential), at weighted average 14.95 cents/kWh). | R46: =-R42*R43 -> -1460250 | T46: =-T42*T43*(1+T44) -> -9486551.7 | V46: =-V42*V43*(1+V44) -> -11858190 | X46: 4 | Y46: Months
A47: (4) Excess = projected excess NM generation, * average projected residential energy rate of 15.13 cents/kWh). | R47: Lag | V47: Lag
A48: (5) NM2.0 REC = estimated value of REC sales made possible by using NM2.0 RECs to meet part of GMP's RES Tier II requirement. Approximated at $30/MWh. | R48: =-(-0.5+(0.5/2)) -> 0.25 | S48: Net % lag assuming 50% lag to '19 | V48: =(90-175)*5/12+(145-175)*7/12 -> -52.916667 | W48: MW Reduction due to 1-2 year lag
A49: (6) Avoided Energy Purchases = market value of avoided purchase requirements, at LMP. Approximated at $40/MWh including value of saved losses. | S49: but adding back 1/2 of that from '17 | V49: =-V48/X42 -> 0.23518519 | W49: % Reduction
A50: (7) Lagged FCM/TBO Reductions = peak-driven reductions in GMP capacity (FCM) and TbyO (RNS) expenses. Approximated at $45/MWh | R50: =1-R48 -> 0.75 | S50: Resulting % share | V50: =1-V49 -> 0.76481481 | W50: Resulting % share

Sheet Own Use Summary
A2: Solar Own Use Volumes
B3: Offset Sales (MWh)
A4: Fiscal Year | B4: Res | C4: Com | D4: Ind | E4: GF | F4: StL | G4: Total
A5: 2020 | B5: 53312.209 | C5: 4033.6723 | D5: -3376.8413 | G5: =SUM(B5:F5) -> 53969.04
A6: Based on calendar month data
A8: Rates Applicable to Analysis:
B9: Res | C9: Com | D9: Ind | E9: GF | F9: StL | G9: Total
A10: Average Rate ($/kWh) - Current Rates | B10: 0.18944591 | C10: 0.16129835 | D10: 0.11618254 | E10: 0.093169501 | F10: 0.67529783 | G10: 0.15671969
A11: Average Rate ($/kWh) - With Filed Rate Change Request | B11: 0.19459884 | C11: 0.16568567 | D11: 0.11934271 | E11: 0.093169501 | F11: 0.69366593 | G11: 0.16073433
A12: Average Incremental $/kWh in 2019 $ | B12: 0.16446 | C12: 0.1516848 | D12: 0.11595679
A13: Average Incremental $/kWh in 2020 $ | B13: =B12*(1+$B$14) -> 0.16893331 | C13: =C12*(1+$B$14) -> 0.15581063 | D13: =D12*(1+$B$14) -> 0.11911082
A14: Growth factor for 2019 - 2020 rates based on PUC Order | B14: 0.0272 | C14: = Final PUC Order Rate Change
A17: Sales Offset by Own Use in $$$ due to Solar
B18: Offset Sales ($)
A19: Fiscal Year | B19: Res | C19: Com | D19: Ind | E19: GF | F19: StL | G19: Total
A20: 2020 | B20: =B5*B$13*1000 -> 9006208.1 | C20: =C5*C$13*1000 -> 628489 | D20: =D5*D$13*1000 -> -402218.33 | G20: =SUM(B20:F20) -> 9232478.7 | H20: (C ) on Total Solar Impact tab

Sheet Energy Avoided Cost
A1: Green Mountain Power
A2: Analysis of Value of Solar Shaped Energy
B6: Oct | C6: Nov | D6: Dec | E6: Jan | F6: Feb | G6: Mar | H6: Apr | I6: May | J6: Jun | K6: Jul | L6: Aug | M6: Sep | N6: Total
A7: Peak Hours | B7: 368 | C7: 320 | D7: 336 | E7: 352 | F7: 320 | G7: 352 | H7: 352 | I7: 320 | J7: 352 | K7: 352 | L7: 336 | M7: 336 | N7: =SUM(B7:M7) -> 4096
A8: Off-Peak Hours | B8: 376 | C8: 401 | D8: 408 | E8: 392 | F8: 376 | G8: 391 | H8: 368 | I8: 424 | J8: 368 | K8: 392 | L8: 408 | M8: 384 | N8: =SUM(B8:M8) -> 4688
A9: Total Hours | B9: =SUM(B7:B8) -> 744 | C9: =SUM(C7:C8) -> 721 | D9: =SUM(D7:D8) -> 744 | E9: =SUM(E7:E8) -> 744 | F9: =SUM(F7:F8) -> 696 | G9: =SUM(G7:G8) -> 743 | H9: =SUM(H7:H8) -> 720 | I9: =SUM(I7:I8) -> 744 | ... N9: =SUM(N7:N8) -> 8784
A11: Energy Forecast Value
A12: On Peak | B12: 36.5 | C12: 46.2 | D12: 66.55 | E12: 82.86 | F12: 79.49 | G12: 53.4 | H12: 38.85 | I12: 31.5 | J12: 33.9 | K12: 42.8 | L12: 42 | M12: 34.75 | N12: =SUMPRODUCT(B7:M7,B12:M12)/SUM(B7:M7) -> 48.954766
A13: Off Peak | B13: 27.95 | C13: 38.5 | D13: 57.35 | E13: 69.28 | F13: 67.82 | G13: 44.35 | H13: 29.1 | I13: 24.25 | J13: 24.5 | K13: 27.63 | L13: 27.17 | M13: 22.75 | N13: =SUMPRODUCT(B8:M8,B13:M13)/SUM(B8:M8) -> 38.396875
A14: Average | B14: 31.81129 | C14: 42.093333 | D14: 61.702688 | E14: 75.307184 | F14: 73.34129 | G14: 48.242473 | H14: 33.742857 | I14: 27.840848 | J14: 29.095556 | K14: 34.154731 | L14: 34.420222 | M14: 28.169355 | N14: =(SUMPRODUCT(B7:M7,B12:M12)+SUMPRODUCT(B8:M8,B13:M13))/SUM(B7:M8) -> 43.320044
A21: Energy Volume | D21: =-'Total Solar Impact'!B13 -> -263515.32 | E21: Total Solar Impact Tab cell B13
A22: Loss gross up | D22: 0.045 | E22: GMP assumption of average line losses
A23: Loss adjusted energy volume | D23: =D21*(1+D22) -> -275373.51
A25: All Hours Average Energy Price | D25: =N14 -> 43.320044 | E25: Cell N14 above
A26: Shaping Adjustment | D26: 0.95 | E26: GMP current solar shape adjustment
A27: Effective Value of Solar Shaped Energy | D27: =D25*D26 -> 41.154042
A28: Energy Value | D28: =D23*D27 -> -11332733 | E28: Cell B23 * cell B27

Sheet Peak Shaving
A1: Green Mountain Power
A2: Analysis of Peak Shaving Avoided Costs
B4: Estimated FCM Value calc
B5: Oct-May Ben. | C5: Jun-Sep Ben. | D5: Total
A6: Installed MW at Peak | B6: 147 | C6: 180
A7: Coincidence Factor | B7: 0.36 | C7: =B7 -> 0.36 | E7: Rate case assumption
A8: Loss/Reserve Gross up | B8: =B17 -> 0.495 | C8: =C17 -> 0.495 | E8: Adjustment to reflect value of avoided losses and FCM Reserve Margin
A9: Net MW Delivered | B9: =B6*B7*(1+B8) -> 79.1154 | C9: =C6*C7*(1+C8) -> 96.876
A10: FCM rate | B10: 7.03 | C10: 5.3
A11: Total Value | B11: =+B9*B10*8 -> 4449.4501 | C11: =+C9*C10*4 -> 2053.7712 | D11: =+B11+C11 -> 6503.2213
A14: Calculation of FCM Gross Up
A15: Marginal Losses | B15: 0.15 | C15: 0.15 | D15: Estimated marginal losses during peak conditions with high loads and temperatures.
A16: FCM Reserve Margin | B16: 0.3 | C16: 0.3 | D16: Based on GMP general assumptions - actual FCA#10 Reserve Margin is 42%.
A17: Loss/Reserve Gross up | B17: =(B15+1)*(B16+1)-1 -> 0.495 | C17: =(C15+1)*(C16+1)-1 -> 0.495
A20: RNS
A21: 2020 MW | B21: 212
A22: Months of benefit | B22: 4
A23: Est. Coincidence | B23: =0.1*0.6 -> 0.06
A24: Loss Adjustment | B24: 0.089
A25: Annual Volume | B25: =-B21*B22*B23*(1+B24) -> -55.40832
A26: RNS Rate | B26: 10
A27: RNS Value | B27: =+B25*B26*1000 -> -554083.2
A28: FCM
A29: FCM Volume | B29: =-'Peak Shaving'!B9*0.666666666666667-'Peak Shaving'!C9*0.333333333333333 -> -85.0356 | C29: Avg saved MW based on 2018 (2/3) and 2019 (1/3) installed solar NM
A30: Annual Price | B30: =+B31/1000/B29 -> 76.476456 | C30: Weighted avg (resulting) annual benefit/kW
A31: FCM Value | B31: =-'Peak Shaving'!D11*1000 -> -6503221.3 | C31: Capacity
A32: Total Peak Value | B32: =+B27+B31 -> -7057304.5

Sheet Rate Case data
A5: Data Below per Filing
F7: =+F12-F57 -> 219353.81 | G7: =+G12-G57 -> 263515.32 | H7: Total w/o non-solar
F8: =+F21-F57 -> 173466.3 | G8: =+G21-G57 -> 208012.03 | H8: Excess w/o non-solar
F9: =+F7-F8 -> 45887.513 | G9: =+G7-G8 -> 55503.297 | H9: Own Use by NM Customers
F10: =F9/F7 -> 0.20919405 | G10: =G9/G7 -> 0.21062645 | H10: Own Use Percentage
A12: Net Metered | C12: Total Gen incl Non-Solar | F12: 232146.7 | G12: 276340.15
C13: Total kW SOLAR | F13: 171 | G13: 204
B15: Cal Year | F15: 2 | G15: 3
B16: FY | F16: FY19 | G16: FY20
B17: Calendar Month
A18: Energy volume
B19: on peak | C19: MWh | F19: 130588.59 | G19: 155830.6
B20: off peak | C20: MWh | F20: 55670.594 | G20: 65006.251
F21: 186259.19 | G21: 220836.85
B23: on peak | C23: $/MWh
B24: off peak | C24: $/MWh | F24: 199.12597 | G24: 188.94635
A26: Cost Calculation
A27: Total Solar Adder | F27: 7315647.2 | G27: 6113877.9 | H27: A | I27: Total Adder (Sum A) | K27: =G27+G29 -> 5861731.4 | L27: Cell G13 on Total Solar Impact Tab
A28: Total Solar Excess | F28: 28361286 | G28: 34193586 | H28: B | I28: Solar Excess (Sum B) | K28: =G28+G30 -> 33768921 | L28: Cell M13 on Total Solar Impact Tab
A29: Adder exp. (10-year limit) | F29: -231193.74 | G29: -252146.51 | H29: A | K29: =K27+K28 -> 39630653
A30: Expired Credits (annual unused) | F30: -424664.17 | G30: -424664.17 | H30: B
A31: Total Net Solar | F31: 35021075 | G31: 39630653
A32: Total Non-Solar | F32: 2067965.9 | G32: 2095663.4
F33: 0 | G33: 0
A34: Total NM Power Cost | F34: 37089041 | G34: 41726316
F37: FY2019 | G37: FY2020
A38: Total MWh | F38: 232146.7 | G38: 276340.15 | H38: includes non-solar
A39: Used | F39: 45887.513 | G39: 55503.297 | H39: includes non-solar
A40: Excess | F40: 186259.19 | G40: 220836.85 | H40: includes non-solar
A42: Energy hours | F42: 182.7639 | G42: 217.55641
F43: 0.19766601 | G43: 0.20085137
B44: on-peak hours
B45: off-peak hours
F46: 0 | G46: 0
B47: Offpeak days
F48: 0 | G48: 0
A50: Non-Solar
C51: Installed kW
C53: Est. Cap Factor
B55: on peak | C55: MWh | F55: 5966.8224 | G55: 5997.5731
B56: off peak | C56: MWh | F56: 6826.0685 | G56: 6827.2512
F57: 12792.891 | G57: 12824.824
B59: Total Adder | F59: 0 | G59: 0
B60: Excess MWh | F60: 12792.891 | G60: 12824.824
B61: Excess $ | F61: 2067965.9 | G61: 2095663.4
B63: $/XS MWh | F63: 161.64962 | G63: 161.64962
A68: Actual vs Billed Volume Adjustment Factor
A70: Total Billed Excess Volume | F70: 187348.82 | G70: 222079.19
A71: Actual (projected) Excess volume | F71: 170501.41 | G71: 208012.03
A72: Solar Billed Excess | F72: 171065.62 | G72: 209254.37
A73: Actual v Billed | F73: 12.087791 | G73: 12.087791
A74: Non-Solar | F74: 12792.891 | G74: 12824.824
A76: Total vs Billed Excess | F76: 16283.2 | G76: 12824.824
A77: Non Solar Excess | F77: 12792.891 | G77: 12824.824
A79: Actual Total Check | F79: 149984.45 | G79: 208012.03
A85: Total Solar gen | F85: 219353.81 | G85: 263515.32 | I85: =+F85 -> 219353.81 | L85: =+G85 -> 263515.32 | M85: ok
A86: Cap factor for estimating kW only | F86: 0.1447152 | G86: 0.14574874
A87: Total kW (Calced) | F87: 2047.844 | G87: 2449.3005 | I87: =+F87/12 -> 170.65366 | L87: =+G87/12 -> 204.10837
A88: Total kW (NM Volumes tab) | F88: 1654.3263 | G88: 1684.0998 | I88: =+F88/12 -> 137.86053 | L88: =+G88/12 -> 140.34165
H91: Non-Solar
A92: Totals | H92: S/M/L split
A93: Small Excess $ | F93: 9992193.7 | G93: 11163678 | H93: 0.35 | I93: =+F93-F$61*$H93 -> 9268405.6 | L93: =+G93-G$61*$H93 -> 10430195
A94: Med Excess $ | F94: 7389667.2 | G94: 9061896.3 | H94: 0.35 | I94: =+F94-F$61*$H94 -> 6665879.2 | L94: =+G94-G$61*$H94 -> 8328414.1
A95: Large Excess $ | F95: 12391533 | G95: 15386864 | H95: 0.3 | I95: =+F95-F$61*$H95 -> 11771143 | L95: =+G95-G$61*$H95 -> 14758165 | P95: =SUM(I93:I95) -> 27705428 | Q95: =SUM(L93:L95) -> 33516775 | R95: < Solar est
F96: 0 | G96: 0
A97: Small Other $ | F97: 1939684.5 | G97: 1771572.3 | I97: =+F97 -> 1939684.5 | L97: =+G97 -> 1771572.3
A98: Med Other $ | F98: 1712363.6 | G98: 1363442.2 | I98: =+F98 -> 1712363.6 | L98: =+G98 -> 1363442.2
A99: Large Other $ | F99: 3663599.1 | G99: 2978863.4 | I99: =+F99 -> 3663599.1 | L99: =+G99 -> 2978863.4 | P99: =SUM(I97:I99) -> 7315647.2 | Q99: =SUM(L97:L99) -> 6113877.9 | R99: < All Solar
F100: 0 | G100: 0
A101: Total | F101: 37089041 | G101: 41726316 | I101: =SUM(I93:I100) -> 35021075 | L101: =SUM(L93:L100) -> 39630653 | M101: ok | P101: =+P95+P99 -> 35021075 | Q101: =+Q95+Q99 -> 39630653 | R101: < All solar est
A102: Check total | F102: 37089041 | G102: 41726316
F103: 0 | G103: 0
A104: Small Excess MWh | F104: 62990.188 | G104: 69767.977 | H104: =+H93 -> 0.35 | I104: =+F104-F$57*$H104 -> 58512.676 | L104: =+G104-G$57*$H104 -> 65279.288
A105: Med Excess MWh | F105: 46952.604 | G105: 56905.712 | H105: =+H94 -> 0.35 | I105: =+F105-F$57*$H105 -> 42475.092 | L105: =+G105-G$57*$H105 -> 52417.024
A106: Large Excess MWh | F106: 77572.76 | G106: 95405.505 | H106: =+H95 -> 0.3 | I106: =+F106-F$57*$H106 -> 73734.893 | L106: =+G106-G$57*$H106 -> 91558.058
F107: 0 | G107: 0
A108: Total | F108: 187515.55 | G108: 222079.19 | I108: =SUM(I104:I107) -> 174722.66 | L108: =SUM(L104:L107) -> 209254.37 | P108: =SUM(I104:I106) -> 174722.66 | Q108: =SUM(L104:L106) -> 209254.37 | R108: < Just solar est?
F109: 0 | G109: 0 | P109: =+'Total Solar Impact'!B18 -> 174555.93 | Q109: =+'Total Solar Impact'!B19 -> 209254.37
A110: Small Total MWh | F110: 77927.156 | G110: 86714.842 | I110: =+I104+I117 -> 73449.644 | L110: =+L104+L117 -> 82226.153 | P110: =+P108-P109 -> 166.73358 | Q110: =+Q108-Q109 -> 0 | T110: Variances are offset
A111: Med Total MWh | F111: 57795.859 | G111: 70500.876 | I111: =+I105+I118 -> 53318.348 | L111: =+L105+L118 -> 66012.188
A112: Large Total MWh | F112: 96423.685 | G112: 119124.43 | I112: =+I106+I119 -> 92585.817 | L112: =+L106+L119 -> 115276.98
F113: 0 | G113: 0
A114: Total | F114: 232146.7 | G114: 276340.15 | I114: =SUM(I110:I113) -> 219353.81 | L114: =SUM(L110:L113) -> 263515.32 | M114: ok | P114: =+F114-F57 -> 219353.81 | Q114: =+G114-G57 -> 263515.32 | R114: < Just solar
A115: Check total | P115: =+'Total Solar Impact'!B12 -> 219353.81 | Q115: =+'Total Solar Impact'!B13 -> 263515.32 | R115: < Check OK
F116: 0 | G116: 0
A117: Small Used MWh | F117: 14936.968 | G117: 16946.865 | I117: =+F117 -> 14936.968 | L117: =+G117 -> 16946.865
A118: Med Used MWh | F118: 10843.256 | G118: 13595.164 | I118: =+F118 -> 10843.256 | L118: =+G118 -> 13595.164
A119: Large Used MWh | F119: 18850.925 | G119: 23718.925 | I119: =+F119 -> 18850.925 | L119: =+G119 -> 23718.925
F120: 0 | G120: 0
A121: Total | F121: 44631.148 | G121: 54260.954 | I121: =SUM(I117:I120) -> 44631.148 | L121: =SUM(L117:L120) -> 54260.954 | P121: =+F121 -> 44631.148 | Q121: =+G121 -> 54260.954
F122: 0 | G122: 0 | P122: =+'Total Solar Impact'!B23 -> 44797.882 | Q122: =+'Total Solar Impact'!B24 -> 54260.954
A123: Small $/MWh (Total $/Excess MWh) | F123: 189.42439 | G123: 185.40383 | I123: =(I93+I97)/I104 -> 191.54978 | L123: =(L93+L97)/L104 -> 186.91637 | P123: =+P121-P122 -> -166.73358 | Q123: =+Q121-Q122 -> 0
A124: Med $/MWh | F124: 193.85572 | G124: 183.20372 | I124: =(I94+I98)/I105 -> 197.25073 | L124: =(L94+L98)/L105 -> 184.89902
A125: Large $/MWh | F125: 206.96868 | G125: 192.50176 | I125: =(I95+I99)/I106 -> 209.32752 | L125: =(L95+L99)/L106 -> 193.72439
A127: Total$/MWh | F127: 197.79181 | G127: 187.88935 | I127: =+I101/I108 -> 200.43808 | L127: =+L101/L108 -> 189.38985
F128: 0 | G128: 0
A129: Small $/MWh Excess | F129: 158.63096 | G129: 160.01149 | I129: =+I93/I104 -> 158.39996 | L129: =+L93/L104 -> 159.77802
A130: Med $/MWh Excess | F130: 157.38567 | G130: 159.24405 | I130: =+I94/I105 -> 156.93619 | L130: =+L94/L105 -> 158.88758
A131: Large $/MWh Excess | F131: 159.74078 | G131: 161.27858 | I131: =+I95/I106 -> 159.64142 | L131: =+L95/L106 -> 161.18915
A133: Total $/MWh Excess | F133: 158.77826 | G133: 160.35918 | I133: =SUM(I93:I95)/I108 -> 158.56803 | L133: =SUM(L93:L95)/L108 -> 160.1724
...
